 Dungeon Crawl Stone Soup version 0.23.2-30-g0e89c35649 (console) character file.

Game seed: 3989086360314185703

1640 Kloppie the Fighter (level 8, -6/77 HPs)
             Began as a Ghoul Gladiator on June 9, 2019.
             Was a Follower of Makhleb.
             Killed by divine providence
             ... invoked by an orc priest
              (12 damage)
             ... on level 6 of the Dungeon.
             The game lasted 00:12:03 (4113 turns).

Kloppie the Fighter (Ghoul Gladiator)               Turns: 4113, Time: 00:12:04

Health: -6/77      AC:  9    Str: 19    XL:     8   Next: 99%
Magic:  7/7        EV: 12    Int:  8    God:    Makhleb [*.....]
Gold:   211        SH:  0    Dex: 15    Spells: 7/7 levels left

rFire    + . .     SeeInvis .   b - +2 whip (vamp)
rCold    + . .     Gourm    .   (no shield)
rNeg     + + +     Faith    .   z - +2 ring mail {rF+}
rPois    ∞         Spirit   .   c - +0 helmet
rElec    .         Reflect  .   m - +0 cloak
rCorr    .         Harm     .   (no gloves)
MR       .....                  (no boots)
Stlth    +.........             (no amulet)
HPRegen  0.00/turn              n - +4 ring of dexterity
MPRegen  0.10/turn              s - +5 ring of intelligence

@: rotting
A: rotting body, claws 1, carnivore, cold resistance 1, negative energy
resistance 3, inhibited regeneration, torment resistance, unbreathing
a: Renounce Religion


You were on level 6 of the Dungeon.
You worshipped Makhleb.
Makhleb was aware of your devotion.
You were not hungry.

You visited 1 branch of the dungeon, and saw 6 of its levels.

You collected 211 gold pieces.

Inventory:

Hand Weapons
 a - a +0 flail
 b - a +2 vampiric whip (weapon)
Missiles
 d - 3 throwing nets (quivered)
Armour
 c - a +0 helmet (worn)
 m - a +0 cloak (worn)
 z - a +2 ring mail of fire resistance (worn)
Jewellery
 e - an uncursed ring of see invisible {unknown}
 n - a +4 ring of dexterity (left claw)
 s - a +5 ring of intelligence (right claw)
Wands
 w - a wand of random effects (22)
Scrolls
 h - a scroll of enchant weapon {unknown}
 k - 2 scrolls of enchant armour {unknown}
 o - 2 scrolls of teleportation {unknown}
 u - a scroll of fear {unknown}
 v - a scroll of random uselessness {unknown}
 x - 2 scrolls of fog
Potions
 g - a potion of ambrosia
 p - 3 potions of haste {unknown}
 q - a potion of invisibility {unknown}
 r - a potion of agility {unknown}
Comestibles
 f - 14 rations


   Skills:
 + Level 8.8 Fighting
 + Level 7.7 Maces & Flails
 - Level 1.7 Throwing
 - Level 2.6 Dodging


You had 7 spell levels left.
You didn't know any spells.
Your spell library was empty.

Dungeon Overview and Level Annotations

Branches:
Dungeon (6/15)             Temple (0/1) D:4

Altars:
Dithmenos
Fedhas
Gozag
Makhleb
Qazlal
Vehumet


Innate Abilities, Weirdness & Mutations

Your body is rotting away.
You thrive on raw meat.
You are immune to poison.
You have sharp fingernails.
You are carnivorous and can eat meat at any time.
Your flesh is cold resistant. (rC+)
You are immune to negative energy. (rN+++)
You do not regenerate when monsters are visible.
You are immune to unholy pain and torment.
You can survive without breathing.


Message History

The orc wizard is no longer moving quickly.
The hound bites you but does no damage. x2
Okay, then.
You barely miss the hound.
The hound is moderately wounded.
The hound misses you.
The orc wizard gestures wildly while chanting.
The orc wizard flickers and vanishes!
Deactivating autopickup; reactivate with Ctrl-A.
The orc priest calls down the wrath of Beogh upon you.
Beogh smites you!
* * * LOW HITPOINT WARNING * * *
You hit the hound but do no damage.
The hound is moderately wounded.
The hound bites you but does no damage.
You miss the hound.
The hound is moderately wounded.
The orc priest mumbles some strange prayers to Beogh against you.
Beogh smites you!
You die...

#.... ######....
#########....##### #..
.........)..## #...
..####.####....... #.#..
#.##.....##.....## ##....#
#.#.....(.#.....# oh...#
#.#.......#.#####
#....######....._.....#
#.##........#...)...#.#
####...o.#####@#.......#...
............o#h##.....##.###
..........##o#{####.####.#
.....oo.#.##.#oo...... ..#
........#..#.#o......)...#
....o...##.#.........#####
........##..##.#####..
........###.##.# ###
######### #..... #..#.##
#..#.#


You could see a hound, an orc priest and 2 orcs.

Vanquished Creatures
  Pikel (D:6)
  Grinder (D:4)
  Sigmund (D:5)
  An orc warrior (D:6)
  A phantom (D:5)
  2 centaurs (D:5)
  Blork the orc (D:5)
  3 scorpions (D:5)
  2 crimson imps
  A jelly (D:5)
  2 iguanas
  A howler monkey skeleton (D:4)
  A worker ant zombie (D:5)
  2 adders
  A shadow imp (D:5)
  A worm (D:2)
  2 dart slugs
  2 leopard geckos
  9 orcs
  6 bats
  4 giant cockroaches
  11 hobgoblins
  8 jackals
  4 kobolds
  A quokka (D:2)
  2 ball pythons
  5 frilled lizards
  9 goblins
  A leopard gecko skeleton (D:5)
  5 rats
91 creatures vanquished.

Notes
Turn   | Place    | Note
-------+----------+-------------------------------------------
     0 | D:1      | Kloppie the Ghoul Gladiator began the quest for the Orb.
     0 | D:1      | Reached XP level 1. HP: 17/17 MP: 0/0
   167 | D:1      | Reached XP level 2. HP: 21/25 MP: 1/1
   312 | D:1      | Reached skill level 3 in Fighting
   454 | D:1      | Reached XP level 3. HP: 27/31 MP: 2/2
  1201 | D:2      | Found an opulent altar of Gozag.
  1206 | D:2      | Reached XP level 4. HP: 38/38 MP: 3/3
  1646 | D:3      | Found a radiant altar of Vehumet.
  1647 | D:3      | Found a burning altar of Makhleb.
  1673 | D:3      | Reached skill level 4 in Fighting
  1679 | D:3      | Became a worshipper of Makhleb the Destroyer
  1842 | D:4      | Found a staircase to the Ecumenical Temple.
  1878 | D:4      | Noticed Grinder
  1893 | D:4      | Paralysed by Grinder for 6 turns
  1930 | D:4      | Reached XP level 5. HP: 30/45 MP: 4/4
  1930 | D:4      | Paralysed by Grinder for 3 turns
  1934 | D:4      | Killed Grinder
  1934 | D:4      | Reached skill level 5 in Fighting
  1934 | D:4      | Reached XP level 6. HP: 37/55 MP: 5/5
  2117 | D:4      | Found a blossoming altar of Fedhas.
  2455 | D:4      | Reached skill level 5 in Maces & Flails
  2753 | D:5      | Entered Level 5 of the Dungeon
  2813 | D:5      | Reached XP level 7. HP: 48/62 MP: 6/6
  2852 | D:5      | Reached skill level 6 in Fighting
  3263 | D:5      | Noticed Blork the orc
  3284 | D:5      | Killed Blork the orc
  3318 | D:5      | Reached * piety under Makhleb
  3318 | D:5      | Reached skill level 7 in Fighting
  3419 | D:5      | Reached XP level 8. HP: 65/73 MP: 7/7
  3482 | D:5      | Found a stormy altar of Qazlal.
  3712 | D:5      | Noticed Sigmund
  3729 | D:5      | Killed Sigmund
  3938 | D:6      | Noticed Pikel
  3977 | D:6      | Killed Pikel
  3977 | D:6      | Reached skill level 8 in Fighting
  4028 | D:6      | Found a shadowy altar of Dithmenos.
  4113 | D:6      | Killed from afar by an orc priest

Skill      XL: |  1  2  3  4  5  6  7  8 |
---------------+-------------------------+-----
Maces & Flails | 3 4 5 6 7 |  7.7
Fighting       | 3 4 5 7 8 |  8.8
Throwing       | |  1.7
Dodging        | |  2.6

Action                   |  1- 3 |  4- 6 |  7- 9 || total
-------------------------+-------+-------+-------++-------
Melee: Flail             |   112 |   150 |       ||   262
       Whip              |       |    17 |   252 ||   269
Evoke: Wand              |       |     3 |       ||     3
  Use: Scroll            |       |       |     5 ||     5
       Potion            |       |       |     1 ||     1
 Stab: Sleeping          |     1 |       |       ||     1
  Eat: Chunk             |     3 |    13 |    14 ||    30
Armor: Leather armour    |    23 |       |       ||    23
       Ring mail         |     9 |    69 |    68 ||   146
Dodge: Dodged            |    66 |   104 |    91 ||   261
